 Dungeon Crawl Stone Soup version 0.30-b1-2-g02819fbbbe (webtiles) character file.

Game seed: 14888849680290130779

9 Alarkh the Insei (level 2, 20/21 HPs)
             Began as a Demonspawn Transmuter on July 6, 2023.
             Got out of the dungeon alive.
             The game lasted 00:00:18 (242 turns).

Alarkh the Insei (Demonspawn Transmuter)             Turns: 242, Time: 00:00:19

Health: 20/21      AC:  2    Str: 10    XL:     2   Next: 6%
Magic:  14/14      EV: 12    Int: 14    God:
Gold:   30         SH:  0    Dex: 13    Spells: 4/5 levels left

rFire   . .          .
                       - Unarmed
rCold   . . .        (no shield)
rNeg    . . .        a - +0 robe
rPois   .            (helmet restricted)
rElec   .            (no cloak)
rCorr   .            (no gloves)
SInv    .            (no boots)
Will    .....        (no amulet)
Stlth   +            c - ring of magical power
HPRegen 0.23/turn    (no ring)
MPRegen 0.14/turn

%: no passive effects
@: no status effects
A: horns 1
a: no special abilities


You escaped.
You visited 1 branch of the dungeon, and saw 1 of its levels.

You collected 30 gold pieces.

Inventory:

Armour
 a - a +0 robe (worn)
Jewellery
 c - a ring of magical power (left hand)
Potions
 b - a potion of lignification


   Skills:
 - Level 1.0 Fighting
 - Level 1.7 Dodging
 + Level 3.3 Unarmed Combat
 - Level 2.0 Spellcasting
 - Level 1.7 Transmutations


You had 4 spell levels left.
You knew the following spells:

 Your Spells              Type           Power      Damage    Failure   Level
a - Beastly Appendage     Tmut           12%        N/A       12%         1

Your spell library contained the following spells:

 Spells                   Type           Power      Damage    Failure   Level
 Wereblood                Tmut           6%         N/A       17%         2
 Spider Form              Tmut/Pois      3%         N/A       45%         3
 Ice Form                 Ice/Tmut       3%         N/A       86%         4


Dungeon Overview and Level Annotations

Branches:
Dungeon (1/15)

Altars:


Innate Abilities, Weirdness & Mutations

You have a pair of small horns on your head.


Message History

No target in view!
No target in view!
No target in view!
No target in view!
No target in view!
No target in view!
No target in view!
No target in view!
No target in view!
No target in view!
Your transformation is almost over.
A ball python comes into view.
A ball python is nearby!
A ball python is nearby!
An endoplasm comes into view.
The endoplasm quivers.
Your horns disappear.
Your talons disappear.
The endoplasm hits you but does no damage.
The ball python hisses angrily.
You hit the ball python.
The ball python is severely wounded.
The ball python barely misses you. The ball python misses you.
The endoplasm freezes you.
You are frozen.
The ball python closely misses you. x2
You hit the ball python.
You kill the ball python!
The endoplasm freezes you.
You are frozen.
You have reached level 2!
Your demonic ancestry asserts itself...
A pair of horns grows on your head!
You hit the endoplasm. You headbutt the endoplasm.
You kill the endoplasm!
You open the door.
There is an open door here.
There is an open door here.
There is an open door here.
There is a staircase leading out of the dungeon here.
Are you sure you want to leave the Dungeon?
This will make you lose the game!
You have escaped!

###########
#..#...#..#
#####+#######
#@.'...'..#
...†.........
#..#...#..#
.............
####.÷.####
.............
#P.#...#P.#
.............
#..'...'..#
.............
#.P#.#.#..#
#####'#######
####.#†####
#.#
#..#...#..#
#.#
#..'...'.P#


There were no monsters in sight!

Vanquished Creatures
  An endoplasm (D:1)
  2 giant cockroaches (D:1)
  A goblin (D:1)
  A ball python (D:1)
  A bat (D:1)
  4 rats (D:1)
10 creatures vanquished.

Notes
Turn   | Place    | Note
-------+----------+-------------------------------------------
     0 | D:1      | Alarkh the Demonspawn Transmuter began the quest for the
                  | Orb.
     0 | D:1      | Reached XP level 1. HP: 15/15 MP: 3/3
    25 | D:1      | Reached skill level 3 in Unarmed Combat
   198 | D:1      | Gained mutation: You have a pair of small horns on your
                  | head. [demonic ancestry]
   198 | D:1      | Reached XP level 2. HP: 10/21 MP: 5/5
   242 | D:$      | Got out of the dungeon alive.

Illustrated notes

Levels and vault maps discovered:
D:1:      dpeg_arrival_prison, layout_basic, minmay_hexomino_r4

Skill      XL: |  1 |
---------------+----+-----
Unarmed Combat | 3 |  3.3
Fighting       | |  1.0
Dodging        | |  1.7
Spellcasting   | |  2.0
Transmutations | |  1.7

Action                     || total
---------------------------++-------
  Melee: Unarmed           ||    22
         Kick              ||     6
         Headbutt          ||     2
   Cast: Beastly Appendage ||     4
 Armour: Robe              ||     5
  Dodge: Dodged            ||    18
